 Dungeon Crawl Stone Soup version 0.28.0-53-g5a82cb258f (webtiles) character file.

Game seed: 17260254221415580805

200 mortz the Sneak (level 6, -8/33 HPs)
             Began as a Kobold Conjurer on Aug 21, 2022.
             Mangled by a small abomination (18 damage)
             ... on level 3 of the Dungeon.
             The game lasted 00:16:04 (4373 turns).

mortz the Sneak (Kobold Conjurer)                   Turns: 4373, Time: 00:16:05

Health: -8/33      AC:  2    Str:  4    XL:     6   Next: 6%
Magic:  9/9        EV: 15    Int: 21    God:
Gold:   95         SH:  0    Dex: 14    Spells: 7/10 levels left

rFire   . . .      SeeInvis .   a - +0 dagger {short}
rCold   . . .      Faith    .   (no shield)
rNeg    . . .      Spirit   .   d - +0 robe
rPois   .          Reflect  .   (no helmet)
rElec   .          Harm     .   (no cloak)
rCorr   .          Rampage  .   (no gloves)
Will    .....                   (no boots)
Stlth   ++++......              (no amulet)
HPRegen 0.11/turn               (no ring)
MPRegen 0.11/turn               (no ring)

@: no status effects
A: small, no large weapons, nightstalker 3
a: no special abilities


You were on level 3 of the Dungeon.
You visited 1 branch of the dungeon, and saw 3 of its levels.

You collected 95 gold pieces.


Innate Abilities, Weirdness & Mutations

You are small and have problems with some larger weapons.
You are completely attuned to the shadows.


   Skills:
 + Level 0.6 Fighting
 + Level 1.6 Short Blades
 + Level 0.3 Throwing
 + Level 3.1 Dodging
 + Level 5.6 Stealth
 + Level 0.4 Unarmed Combat
 + Level 2.6 Spellcasting
 + Level 4.5 Conjurations
 * Level 1.3 Translocations


You had 7 spell levels left.
You knew the following spells:

 Your Spells              Type           Power      Damage    Failure   Level
a - Magic Dart            Conj           88%        1d7       2%          1
b - Searing Ray           Conj           44%        2d6       3%          2

Your spell library contained the following spells:

 Spells                   Type           Power      Damage    Failure   Level
 Blink                    Tloc           16%        N/A       12%         2
 Sting                    Tmut/Pois      8%         1d3       14%         1
 Dazzling Flash           Conj/Hex       24%        N/A       16%         3
 Poisonous Vapours        Pois/Air       4%         N/A       22%         2
 Gell's Gravitas          Tloc           8%         N/A       24%         3
 Lesser Beckoning         Tloc           8%         N/A       24%         3
 Teleport Other           Tloc           8%         N/A       24%         3
 Portal Projectile        Hex/Tloc       10%        N/A       32%         3
 Iskenderun's Mystic Bla  Conj/Tloc      15%        2d5       38%         4
 Fulminant Prism          Conj/Hex       6%         3d7       47%         4
 Olgreb's Toxic Radiance  Pois           2%         N/A       80%         4
 Manifold Assault         Tloc           8%         N/A       92%         5
 Blade Hands              Tmut           1%         N/A       98%         5
 Excruciating Wounds      Necr           1%         N/A       98%         5
 Storm Form               Tmut/Air       1%         N/A       100%        7

Inventory:

Hand Weapons
 a - a +0 dagger (weapon) {short}
   (You took it off a kobold on level 1 of the Dungeon)
 c - a +0 whip {mace}
   (You took it off a kobold on level 1 of the Dungeon)
 f - a +0 dagger {short}
   (You took it off a goblin on level 1 of the Dungeon)
 g - a +0 dagger {short}
   (You took it off a kobold on level 1 of the Dungeon)
 n - a +0 short sword {short}
   (You took it off a kobold on level 3 of the Dungeon)
Missiles
 b - 3 boomerangs {throwing}
 h - 24 poisoned darts {throwing}
Armour
 d - a +0 robe (worn)
Scrolls
 i - a scroll of acquirement {unknown}
 l - a scroll of teleportation {unknown}
Potions
 e - 2 potions of brilliance
 j - a potion of attraction {unknown}
 k - 2 potions of invisibility {unknown}
 m - a potion of berserk rage {unknown}

Dungeon Overview and Level Annotations

Branches:
Dungeon (3/15)

Altars:
Sif Muna
Uskayaw
Zin

Annotations:
D:3 1 transporter

############ #...
############..........# #<#.
......................# #.#.
......................# #.#.
......###..###........# #.#.
.....##5####.##.###...# #.#.
.....#.#. ...###.#...########.#.
.....#©.. ..##5.:©#............##
....##..# ...K@##..###.......##
...##...### ##..x#...# #.......##
...##...#.##.#..##...# #.......##
....##.##.©#$..##....# #.........
.....###..##...#.....# #.......##
..........#..#.#.....#######'#...
.........##.##.###...##......###.
.....##### ... . #...##......#...
....##.# ### ..##..#.......#.#.


You could see a kobold brigand, a small abomination and a white imp (asleep).


Message History

There is an open door here.
Found a stone staircase leading up. 😎 MP[+2]
Your mp is fully restored (8).
There is a stone staircase leading up here.
You now have 68 gold pieces (gained 9).
A ball python comes into view.
You see here a +0 scale mail.
The helpless ball python fails to defend itself.
You impale the ball python!!
You kill the ball python!
An adder comes into view.
A bat and an orc come into view.
The helpless adder fails to defend itself.
You impale the adder!!
You kill the adder!
The helpless orc fails to defend itself.
You impale the orc!!
You kill the orc!
Things that are here:
a +0 whip {mace}; a +0 leather armour The helpless bat fails to defend itself.
You impale the bat!!
You kill the bat!
You see here a bat corpse.
You see here a bat corpse.
Things that are here:
a +0 whip {mace}; a +0 leather armour You see here 17 bolts.
There is a transporter here.
There is a transporter landing site here.
Found an escape hatch in the ceiling.
An adder comes into view.
A hobgoblin comes into view.
A giant cockroach comes into view.
The giant cockroach moves out of view.
You see here a sedimented red potion.
The helpless hobgoblin fails to defend itself.
You impale the hobgoblin!!
You kill the hobgoblin!
You have reached level 6! 😎 HP[+5] MP[+1]
You now have 33 max hp (+5).
Your hp is fully restored (33).
Your mp is fully restored (9).
The helpless adder fails to defend itself.
You impale the adder!!
You kill the adder!
Casting: Searing Ray (safe; 3% risk of failure)
Confirm with . or Enter, or press ? or * to list all spells.
Aiming: Searing Ray (safe; 3% risk of failure)
Press: ? - help, Shift-Dir - straight line, f - giant cockroach
Aim: a giant cockroach (78% to hit)
The searing ray misses the giant cockroach. (Press . to maintain the ray.) 😎 MP[-2]
You lost 2 mp, and now have 7/9 mp.
The searing ray hits the giant cockroach.
The giant cockroach misses you. 😎 MP[-1]
You lost 1 mp, and now have 6/9 mp.
The searing ray hits the giant cockroach.
You kill the giant cockroach! 😎 MP[-1]
You lost 1 mp, and now have 5/9 mp.
k - 2 sedimented red potions (gained 1)
You now have 82 gold pieces (gained 14).
You open the door.
There is an open door here.
You now have 95 gold pieces (gained 13).
A hobgoblin comes into view. 😎 MP[+4]
Your mp is fully restored (9).
The helpless hobgoblin fails to defend itself.
You impale the hobgoblin!!
You kill the hobgoblin!
There is a stone staircase leading down here.
You open the door.
There is an open door here.
There is a stone staircase leading up here.
You open the door.
There is an open door here.
There is an open door here.
There is a stone staircase leading up here.
There is an open door here.
Partly explored, unvisited transporter.
Partly explored, unvisited transporter.
There is a transporter landing site here.
There is a transporter here.
You enter the transporter and appear at another place.
A kobold brigand and a small abomination come into view.
The kobold brigand is wielding a +2 whip of distortion.
The helpless small abomination fails to defend itself.
You puncture the small abomination!
The kobold brigand hits you with a +2 whip of distortion.
Space warps horribly around you!
Ouch! That really hurt!
* * * LOW HITPOINT WARNING * * *
The small abomination hits you!!
Ouch! That really hurt!
You die...

Skill      XL: |  1  2  3  4  5 |
---------------+----------------+-----
Stealth        | 3 4 5 |  5.6
Dodging        | 3 |  3.1
Short Blades   | 1 |  1.6
Translocations | 1 |  1.3
Fighting       | |  0.6
Throwing       | |  0.3
Unarmed Combat | |  0.4
Spellcasting   | |  2.6
Conjurations   | |  4.5

Action                   |  1- 3 |  4- 6 || total
-------------------------+-------+-------++-------
Melee: Unarmed           |     1 |       ||     1
       Dagger            |    13 |    24 ||    37
Throw: Boomerang         |     6 |       ||     6
 Cast: Magic Dart        |    19 |       ||    19
       Searing Ray       |     7 |    19 ||    26
  Use: Scroll            |     1 |       ||     1
 Stab: Sleeping          |    14 |    20 ||    34
Armor: Robe              |     6 |     2 ||     8
Dodge: Dodged            |    19 |    14 ||    33

Levels and vault maps discovered:
D:1:      tarquinn_simple_flora_water_a, layout_basic,
          shapermc_ecumenical_altar_acropolis, minmay_misc_feat_chi
D:2:      layout_loops_ring, basic_altar, kennysheep_cross_bottleneck,
          minmay_pentomino_q2, uniq_natasha
D:3:      layout_basic, mainiacjoe_overflow_large_starburst,
          gammafunk_ghost_abyssal_escape

Notes
Turn   | Place    | Note
-------+----------+-------------------------------------------
     0 | D:1      | mortz the Kobold Conjurer began the quest for the Orb.
     0 | D:1      | Reached XP level 1. HP: 10/10 MP: 3/3
     0 | D:1      | magus.rc [v1.9.6]
   140 | D:1      | You add the spells Blink, Manifold Assault and Storm Form
                  | to your library.
   258 | D:1      | Reached XP level 2. HP: 10/15 MP: 1/5
   262 | D:1      | Learned a level 2 spell: Searing Ray
   498 | D:1      | You pick up a book of Weapons and begin reading...
   498 | D:1      | You add the spells Portal Projectile, Excruciating Wounds
                  | and Blade Hands to your library.
   552 | D:1      | Found a faded altar of an unknown god.
   772 | D:1      | Reached skill level 3 in Stealth
   786 | D:1      | Reached XP level 3. HP: 19/19 MP: 2/6
   892 | D:1      | You pick up a book of Displacement and begin reading...
   892 | D:1      | You add the spells Lesser Beckoning, Gell's Gravitas and
                  | Teleport Other to your library.
  1349 | D:2      | Reached skill level 3 in Dodging
  1524 | D:2      | You add the spells Sting, Poisonous Vapours and Olgreb's
                  | Toxic Radiance to your library.
  1607 | D:2      | Reached XP level 4. HP: 24/24 MP: 2/7
  1884 | D:2      | Reached skill level 4 in Stealth
  2060 | D:2      | Found a glowing silver altar of Zin.
  2101 | D:2      | Noticed Natasha
  2106 | D:2      | Killed Natasha
  2107 | D:2      | Reached XP level 5. HP: 28/28 MP: 5/8
  2282 | D:2      | Noticed Natasha
  2618 | D:2      | Killed Natasha
  2619 | D:2      | Reached skill level 5 in Stealth
  3083 | D:2      | Noticed Natasha
  3089 | D:2      | Killed Natasha
  3090 | D:2      | Reached skill level 1 in Short Blades
  3090 | D:2      | Reached skill level 1 in Translocations
  3676 | D:3      | Found a hide-covered altar of Uskayaw.
  3680 | D:3      | Found a shimmering blue altar of Sif Muna.
  3766 | D:3      | Found a transporter.
  3862 | D:3      | Found a transporter.
  4001 | D:3      | Reached XP level 6. HP: 33/33 MP: 9/9
  4371 | D:3      | Noticed a small abomination
  4373 | D:3      | Mangled by a small abomination

Vanquished Creatures
  Natasha (thrice) (D:2)
  3 adders
  3 gnolls (D:2)
  A worm (D:2)
  A dart slug (D:2)
  An orc (D:3)
  7 bats
  5 endoplasms
  4 giant cockroaches
  6 goblins
  5 hobgoblins
  3 quokkas
  8 ball pythons
  9 kobolds
  4 rats
63 creatures vanquished.

Table legend:
 A = Non-vault XP
 B = Vault XP
 C = Vault XP percentage of total XP
 D = Non-vault monster count
 E = Vault monster count
 F = Vault count percentage of total count
                 A         B        C        D         E       F
            +---------+---------+-------+---------+---------+-------
      Total |     247 |      39 |  13.6 |      60 |       3 |   4.8
            +---------+---------+-------+---------+---------+-------
        D:1 |      31 |       0 |   0.0 |      18 |       0 |   0.0
        D:2 |     161 |      39 |  19.5 |      23 |       3 |  11.5
        D:3 |      55 |       0 |   0.0 |      19 |       0 |   0.0
            +---------+---------+-------+---------+---------+-------

Illustrated notes

Table legend:
 A = Kills in this place as a percentage of kills in entire the game.
 B = Kills by you in this place as a percentage of kills by you in the entire game.
 C = Kills by friends in this place as a percentage of kills by friends in the entire game.
 D = Other kills in this place as a percentage of other kills in the entire game.
 E = Experience gained in this place as a percentage of experience gained in the entire game.
 F = Experience gained in this place divided by the number of levels of this place that you have seen.
                   A       B       C       D       E      F
               +-------+-------+-------+-------+-------+----------------------
         Total | 100.0 | 100.0 |   N/A |   N/A | 100.0 |  95.3
       Dungeon | 100.0 | 100.0 |   N/A |   N/A | 100.0 |  95.3
               +-------+-------+-------+-------+-------+----------------------

Table legend: (Time is in decaauts)
 A = Elapsed time spent in this place.
 B = Non-inter-level travel time spent in this place.
 C = Inter-level travel time spent in this place.
 D = Time resting spent in this place.
 E = Time spent auto-exploring this place.
 F = Levels seen in this place.
 G = Mean time per level.
                   A        B        C        D        E       F      G
               +--------+--------+--------+--------+--------+-----+--------+
         Total |   4371 |   4261 |    110 |     12 |   3674 |   3 | 1457.0 |
       Dungeon |   4371 |   4261 |    110 |     12 |   3674 |   3 | 1457.0 |
               +--------+--------+--------+--------+--------+-----+--------+

Top non-repeatable levels by time:
     D:2: 1934 daAuts
     D:1: 1268 daAuts
     D:3: 1168 daAuts
